 Dungeon Crawl Stone Soup version 0.20-a0-820-g557356e (webtiles) character file.

11354 pisechka the Cleaver (level 11, -3/153 HPs)
             Began as a Minotaur Berserker on Mar 4, 2017.
             Was an Elder of Trog.
             Slain by a ten-headed hydra (7 damage)
             ... on level 13 of the Dungeon.
             The game lasted 00:44:51 (10135 turns).

pisechka the Cleaver (Minotaur Berserker)          Turns: 10135, Time: 00:44:51

Health: -3/153     AC: 25    Str: 31    XL:     11   Next: 48%
Magic:  10/10      EV:  2    Int:  4    God:    Trog [****..]
Gold:   668        SH:  2    Dex:  9    Spells: 10/10 levels left

rFire    . . .     SeeInvis .   B - +1 war axe
rCold    . . .     Gourm    .   (armour currently unavailable)
rNeg     + + +     Faith    .   D - +0 buckler {rN+}
rPois    +         Spirit   .   (helmet currently unavailable)
rElec    .         Reflect  .   (cloak currently unavailable)
rCorr    .         Harm     .   (gloves currently unavailable)
MR       ++...     NoTele   +   (boots currently unavailable)
Stlth    +.........             t - amulet of regeneration
Regen    1.8/turn               (no ring)
MPRegen  0.2/turn               (no ring)

@: mighty, exhausted, tree-form, regenerating
A: (retaliatory headbutt), (horns 0)
a: Berserk, Trog's Hand, Brothers in Arms, Burn Spellbooks, Renounce Religion


You were on level 13 of the Dungeon.
You worshipped Trog.
Trog was greatly pleased with you.
You were not hungry.
You were a tree.
You visited 1 branch of the dungeon, and saw 13 of its levels.

You collected 798 gold pieces.
You spent 130 gold pieces at shops.

Inventory:

Hand Weapons
 B - a +1 war axe (weapon)
Armour
 f - a +0 cloak
 n - a +0 hat (melded)
 o - a +1 plate armour (melded)
 y - a +0 pair of boots (melded)
 z - the scarf of the Thirsty Nights (melded) {rElec rC- Dex+2}
   (You found it on level 7 of the Dungeon)

   It affects your dexterity (+2).
   It makes you vulnerable to cold.
   It insulates you from electricity.
 D - a +0 buckler of positive energy (worn)
 K - a +0 pair of gloves (melded)
Jewellery
 t - an amulet of regeneration (around neck)
Wands
 a - a wand of flame (0/48)
 b - a wand of random effects (28/48)
 g - a wand of polymorph (14/24)
 h - a wand of acid (5/15)
 s - a wand of random effects (29/48)
 u - a wand of scattershot (3/9)
 C - a wand of iceblast (7/15)
 J - a wand of digging (17/24)
 L - a wand of lightning (12/15)
Scrolls
 m - 2 scrolls of teleportation
 r - 2 scrolls of remove curse
 v - a scroll of fog
 G - a scroll of recharging
 I - a scroll of identify
Potions
 c - 3 potions of cancellation
 d - 4 potions of curing
 e - 2 potions of mutation
 i - 3 potions of lignification
 j - a potion of degeneration
 x - 3 potions of haste
 F - 3 potions of flight
 M - 2 potions of agility {unknown}
Books
 H - a book of Conjurations

   Spells                             Type                      Level
   a - Magic Dart                     Conjuration                  1
   b - Searing Ray                    Conjuration                  2
   c - Dazzling Spray                 Conjuration/Hexes            3
   d - Fulminant Prism                Conjuration/Hexes            4
   e - Force Lance                    Conjuration/Translocation    4
   f - Iskenderun's Mystic Blast      Conjuration                  4
   Trog disapproves of the use of such an item.
Miscellaneous
 A - a fan of gales (inert)
 E - a lightning rod (3/4)
Comestibles
 l - 3 royal jellies
 q - 5 meat rations
 w - 6 bread rations


   Skills:
 + Level 11.3 Fighting
 + Level 11.7 Axes
 + Level 11.0 Armour
 + Level 10.2 Dodging


You had 10 spell levels left.
You didn't know any spells.

Dungeon Overview and Level Annotations

Branches:
Dungeon (12/15)            Temple (0/1) D:7            Lair (0/6) D:8
    Orc (0/2) D:11

Altars:
Cheibriados
Dithmenos
Elyvilon
Fedhas
Makhleb
Uskayaw
Vehumet
Wu Jian

Shops:
D:4 !


Innate Abilities, Weirdness & Mutations

((You reflexively headbutt those who attack you in melee.))
((You have a pair of horns on your head.))


Message History

The nine-headed hydra bites you but does no damage. x3
The nine-headed hydra bites you.
* * * LOW HITPOINT WARNING * * *
The nine-headed hydra bites you.
* * * LOW HITPOINT WARNING * * *
The nine-headed hydra bites you but does no damage. x2
The nine-headed hydra bites you.
* * * LOW HITPOINT WARNING * * *
You slice one of the nine-headed hydra's heads off!
The eight-headed hydra grows two more!
You slice the ten-headed hydra!!
The ten-headed hydra is severely wounded.
The ten-headed hydra bites you but does no damage. x2
The ten-headed hydra bites you.
* * * LOW HITPOINT WARNING * * *
The ten-headed hydra bites you.
* * * LOW HITPOINT WARNING * * *
The ten-headed hydra bites you!
* * * LOW HITPOINT WARNING * * *
The ten-headed hydra barely misses you. The ten-headed hydra bites you!
You die...

#.........
#####..#.#....
#..........()
#......#.#.###
#.[..........#
#.......(....#
#......D..#
#.....♣...#
#.........#
####......#
#......#
#......#
#......#+
#.........
#.........
#####.........


You could see a ten-headed hydra.

Vanquished Creatures
  2 two-headed ogres (D:9)
  A centaur warrior (D:9)
  A deep elf mage (D:9)
  A cyclops (D:9)
  2 gargoyles
  A hornet (D:11)
  A hippogriff (D:7)
  Prince Ribbit (D:9)
  A shadow (D:9)
  A wyvern (D:11)
  3 yaks (D:7)
  Menkaure (D:5)
  2 hungry ghosts
  A water moccasin (D:11)
  4 ice beasts
  4 orc warriors
  A necrophage (D:10)
  7 phantoms
  3 sky beasts
  2 black bears
  A centaur (D:8)
  3 ogres
  A crocodile (D:9)
  2 big kobolds
  4 bullfrogs
  A wyvern zombie (D:7)
  8 scorpions
  13 killer bees
  8 howler monkeys
  4 crimson imps
  A quasit (D:7)
  2 bullfrog zombies
  Crazy Yiuf (D:7)
  A gnoll shaman (D:4)
  A centaur skeleton (D:11)
  2 orc priests (D:11)
  2 bullfrog skeletons
  8 hounds
  5 jellies
  An iguana (D:5)
  11 orc wizards
  5 worker ants
  6 ogre zombies (D:11)
  A hound skeleton (D:10)
  A mummy (D:6)
  A howler monkey zombie (D:11)
  2 worker ant zombies
  8 gnolls
  6 adders
  A shadow imp (D:8)
  2 oozes
  3 adder skeletons
  5 adder zombies
  3 worms
  5 leopard geckos
  40 orcs
  4 bats
  A giant cockroach (D:2)
  6 hobgoblins
  2 quokkas
  A ball python (D:3)
  2 frilled lizards (D:5)
  2 giant cockroach zombies
  9 goblins
  A goblin skeleton (D:11)
  3 goblin zombies (D:11)
  A hobgoblin skeleton (D:11)
  2 hobgoblin zombies (D:11)
  A jackal skeleton (D:4)
  24 kobolds
  2 orc skeletons (D:11)
  9 orc zombies (D:11)
  A quokka skeleton (D:7)
  2 quokka zombies
  6 rats
  A fungus (D:1)
289 creatures vanquished.

Vanquished Creatures (collateral kills)
  A hydra (D:13)
  A centaur (D:13)
2 creatures vanquished.

Vanquished Creatures (others)
  A hobgoblin skeleton (D:11)
1 creature vanquished.

Grand Total: 292 creatures vanquished

Notes
Turn   | Place    | Note
-------+----------+-------------------------------------------
     0 | D:1      | pisechka the Minotaur Berserker began the quest for the Orb.
     0 | D:1      | Reached XP level 1. HP: 19/19 MP: 0/0
   667 | D:1      | Reached XP level 2. HP: 25/27 MP: 1/1
  1658 | D:2      | Reached XP level 3. HP: 33/33 MP: 2/2
  1860 | D:2      | Found a blossoming altar of Fedhas.
  2049 | D:3      | Reached ** piety under Trog
  2827 | D:4      | Noticed an ogre
  2832 | D:4      | Killed an ogre
  2832 | D:4      | Reached XP level 4. HP: 24/41 MP: 3/3
  2832 | D:4      | Reached XP level 5. HP: 27/47 MP: 4/4
  2839 | D:4      | Reached skill level 5 in Fighting
  2840 | D:4      | Reached skill level 5 in Axes
  3176 | D:4      | Found Neulooc's Distillery.
  3210 | D:4      | Bought 2 potions of heal wounds for 130 gold pieces
  3279 | D:4      | Reached XP level 6. HP: 48/56 MP: 5/5
  3586 | D:5      | Entered Level 5 of the Dungeon
  3705 | D:5      | Reached XP level 7. HP: 57/62 MP: 6/6
  3708 | D:5      | Noticed Menkaure
  3714 | D:5      | Reached skill level 5 in Armour
  3785 | D:5      | Reached *** piety under Trog
  4056 | D:5      | Killed Menkaure
  4056 | D:5      | Reached skill level 5 in Dodging
  4414 | D:6      | Found a hide-covered altar of Uskayaw.
  4783 | D:6      | Reached XP level 8. HP: 71/71 MP: 7/7
  4784 | D:6      | Found a white marble altar of Elyvilon.
  5446 | D:6      | Found a snail-covered altar of Cheibriados.
  5614 | D:7      | Got a transparent scarf
  5627 | D:7      | Identified the scarf of the Thirsty Nights {rElec rC- Dex+2} (You found it on level 7 of the Dungeon)
  5692 | D:7      | Found an ornate altar of the Wu Jian Council.
  5985 | D:7      | Noticed a hippogriff
  6001 | D:7      | Killed a hippogriff
  6001 | D:7      | Reached XP level 9. HP: 63/81 MP: 8/8
  6100 | D:7      | Reached **** piety under Trog
  6137 | D:7      | Found a staircase to the Ecumenical Temple.
  6431 | D:7      | Found a burning altar of Makhleb.
  6432 | D:7      | Found a radiant altar of Vehumet.
  6688 | D:7      | Found a runed door.
  6692 | D:7      | Noticed Crazy Yiuf
  6698 | D:7      | Killed Crazy Yiuf
  6737 | D:8      | Found a staircase to the Lair.
  7443 | D:9      | Noticed a centaur warrior
  7463 | D:9      | Killed a centaur warrior
  7463 | D:9      | Reached XP level 10. HP: 14/91 MP: 9/9
  7719 | D:9      | Noticed a two-headed ogre
  7720 | D:9      | Noticed a gargoyle
  7730 | D:9      | Killed a two-headed ogre
  7731 | D:9      | Noticed Prince Ribbit
  7731 | D:9      | Killed a gargoyle
  7731 | D:9      | Reached skill level 10 in Fighting
  7731 | D:9      | Reached skill level 10 in Axes
  7749 | D:9      | Killed Prince Ribbit
  7749 | D:9      | Received a gift from Trog
  7848 | D:9      | Reached skill level 10 in Armour
  7874 | D:9      | Noticed a deep elf mage
  7882 | D:9      | Killed a deep elf mage
  7918 | D:9      | Noticed a cyclops
  7935 | D:9      | Killed a cyclops
  8203 | D:9      | Identified the Compendium of Frigorific Companions
  8388 | D:9      | Reached XP level 11. HP: 101/101 MP: 10/10
  8450 | D:9      | Noticed a two-headed ogre
  8454 | D:9      | Killed a two-headed ogre
  8559 | D:10     | Entered Level 10 of the Dungeon
  9259 | D:10     | Reached ***** piety under Trog
  9278 | D:11     | Found a shadowy altar of Dithmenos.
  9369 | D:11     | Found a staircase to the Orcish Mines.
  9384 | D:11     | Received a gift from Trog
  9679 | D:11     | Reached skill level 10 in Dodging
 10042 | D:12     | You fall through a shaft!
 10084 | D:13     | Noticed a five-headed hydra
 10096 | D:13     | Killed an eight-headed hydra
 10116 | D:13     | Noticed a six-headed hydra
 10135 | D:13     | HP: 4/153 [ten-headed hydra (9)]
 10135 | D:13     | Slain by a ten-headed hydra

Vault maps used:
D:1:      lemuel_arrival_muddy
D:2:      lemuel_doored_altar
D:4:      serial_shops, shop, first_bread
D:5:      uniq_menkaure
D:6:      old_standard_altar, slow_altar_2, basic_altar
D:7:      grunt_temple_overflow_lords_of_destruction, old_standard_altar,
          minmay_temple_entry_junction_2, uniq_crazy_yiuf_cottage
D:8:      dpeg_oklobed_lair, minmay_hedge_maze
D:9:      minmay_cut_squares, grunt_ogre_cave, uniq_prince_ribbit1
D:11:     zombieorc1_lemuel, basic_altar
D:13:     hangedman_vaults_entry_quadrant_bands, serial_shops,
          nicolae_shop_waterfront, serial_glass, glass_columns_b,
          glass_columns_a, glass_columns_a, glass_columns_a, glass_columns_b,
          glass_columns_a, glass_columns_c, glass_columns_a,
          unseen_surprise_small, feat_on_display, minmay_strange_pillars,
          uniq_sonja, uniq_maurice, uniq_snorg

Skill      XL: |  1  2  3  4  5  6  7  8  9 10 11 |
---------------+----------------------------------+-----
Armour         | 3 4 5 7 9 10 11 | 11.0
Axes           | 4 5 6 8 9 10 11 | 11.7
Fighting       | 4 5 6 8 9 10 11 | 11.3
Dodging        | 3 4 5 6 8 9 10 | 10.2

Action                   |  1- 3 |  4- 6 |  7- 9 | 10-12 || total
-------------------------+-------+-------+-------+-------++-------
Melee: Hand axe          |   109 |    64 |   264 |       ||   437
       Headbutt          |    12 |    16 |    72 |    50 ||   150
       War axe           |       |       |    83 |   257 ||   340
Invok: Berserk           |     1 |       |     2 |     3 ||     6
       Trog's Hand       |       |       |     3 |     4 ||     7
       Brothers in Arms  |       |       |       |     2 ||     2
Evoke: Fan of gales      |       |       |       |     1 ||     1
       Lightning rod     |       |       |       |     1 ||     1
  Use: Scroll            |     8 |       |    12 |     4 ||    24
       Potion            |       |       |     3 |     7 ||    10
 Stab: Sleeping          |     1 |       |       |       ||     1
  Eat: Bread ration      |     2 |       |       |       ||     2
       Meat ration       |       |     1 |     1 |     3 ||     5
       Chunk             |       |       |     7 |     1 ||     8
       Fruit             |       |       |     3 |     1 ||     4
       Royal jelly       |       |       |       |     1 ||     1
Armor: Animal skin       |    12 |       |       |       ||    12
       Scale mail        |     7 |    34 |    35 |       ||    76
       Plate armour      |       |       |   200 |   116 ||   316
       Skin              |       |       |       |   107 ||   107
Dodge: Dodged            |    67 |    52 |   222 |   131 ||   472
Block: Buckler           |       |       |       |    36 ||    36
